 Dungeon Crawl Stone Soup version 0.26.1-15-g04117e645d (webtiles) character file.

Game seed: 3416677741686168433

4576 Froggeryz the Blocker (level 10, -6/97 HPs)
             Began as an Octopode Berserker on Apr 27, 2022.
             Was an Elder of Trog.
             Mangled by a gnoll sergeant
             ... wielding a +0 halberd
              (12 damage)
             ... in a bailey.
             The game lasted 00:10:46 (10959 turns).

Froggeryz the Blocker (Octopode Berserker)         Turns: 10959, Time: 00:10:46

Health: -6/97      AC:  1    Str: 16    XL:     10   Next: 41%
Magic:  10/10      EV: 17    Int:  9    God:    Trog [****..]
Gold:   276        SH: 14    Dex: 16    Spells: 9/9 levels left

rFire    . . .     SeeInvis +   a - +1 short sword (vorpal)
rCold    . . .     Faith    .   i - +3 buckler
rNeg     . . .     Spirit   .   (helmet restricted)
rPois    +         Reflect  +   k - amulet of reflection
rElec    .         Harm     .   b - ring of poison resistance
rCorr    .         Rampage  .   f - ring of see invisible
Will     ++...                  (no ring)
Stlth    ..........             (no ring)
HPRegen  1.26/turn              (no ring)
MPRegen  0.12/turn              (no ring)
                                (no ring)
                                (no ring)

@: berserking (expiring), regenerating, very quick
A: almost no armour, stealthy swim, amphibious, 8 rings, constrict 8, camouflage
1, gelatinous body 1
a: Renounce Religion, Berserk, Trog's Hand, Brothers in Arms


You were in a bailey.
You worshipped Trog.
Trog was greatly pleased with you.
You visited 1 branch of the dungeon, and saw 8 of its levels.
You also visited: Bailey.

You collected 480 gold pieces.
You spent 204 gold pieces at shops.

Inventory:

Hand Weapons
 a - a +1 vorpal short sword (weapon)
 g - a +2 dagger of speed
Missiles
 d - 11 poisoned darts (quivered)
 p - 5 throwing nets
 A - 6 boomerangs
Armour
 i - a +3 buckler (worn)
Jewellery
 b - a ring of poison resistance (left tentacle)
 f - a ring of see invisible (right tentacle)
 k - an amulet of reflection (around mantle)
 C - the amulet of Tuidiur {Reflect Str+2 SH+5}
   (You took it off a gnoll sergeant in a bailey)

   [amulet of reflection]

   It shields you and reflects attacks.
   It affects your strength (+2).
   It affects your SH (+5).
Wands
 n - a wand of iceblast (8)
 o - a wand of paralysis (13)
 r - a wand of random effects (15)
 v - a wand of disintegration (20)
 z - a wand of flame (17)
Scrolls
 h - a scroll of immolation
 j - 2 scrolls of enchant armour
 l - 2 scrolls of magic mapping
 q - 7 scrolls of identify
 s - a scroll of random uselessness {unknown}
 t - a scroll of fog {unknown}
 w - a scroll of amnesia {unknown}
 y - a scroll of remove curse
 B - 2 scrolls of noise {unknown}
 D - a scroll of vulnerability {unknown}
Potions
 c - 5 potions of flight
 e - a potion of haste
 m - 5 potions of curing
 u - 2 potions of might


   Skills:
 * Level 4.5 Fighting
 + Level 9.2 Short Blades
 - Level 6.6 Dodging
 * Level 5.4 Stealth
 - Level 9.2 Shields


You had 9 spell levels left.
You didn't know any spells.
Your spell library was empty.

Dungeon Overview and Level Annotations

Branches:
Dungeon (8/15)             Temple (0/1) D:6          Bailey (1/1)
   Lair: D:8-11

Altars:
Ashenzari
Dithmenos
Hepliaklqana
Makhleb
Qazlal
Trog
Uskayaw
Vehumet
Wu Jian
Xom
Zin
The Shining One

Shops:
D:4 *(([   D:7 !


Innate Abilities, Weirdness & Mutations

You cannot wear most types of armour.
You are very stealthy in the water. (Stealth+)
You are amphibious.
You can wear up to eight rings at the same time.
You can use your tentacles to constrict eight enemies at once.
Your skin changes colour to match your surroundings (Stealth+).
Your rubbery body absorbs attacks. (AC +1, EV +1)


Message History

The gnoll shaman is severely wounded.
You constrict the gnoll shaman.
The gnoll shaman calls upon its god to speed up the gnoll sergeant.
The gnoll sergeant seems to speed up.
You block the gnoll sergeant's attack.
You hit the gnoll shaman.
You kill the gnoll shaman!
Trog accepts your kill.
The gnoll sergeant hits you with a +0 halberd!!
* * * LOW HITPOINT WARNING * * *
You hit the gnoll sergeant but do no damage.
Your grab misses the gnoll sergeant. Your squeeze misses the gnoll sergeant.
You block the gnoll sergeant's attack. You block the gnoll shaman's attack.
You hit the gnoll sergeant. You grab the gnoll sergeant.
The gnoll sergeant is lightly wounded.
You constrict the gnoll sergeant. You puncture the gnoll sergeant!
The gnoll sergeant is severely wounded.
You constrict the gnoll sergeant, but do no damage.
The gnoll sergeant hits you with a +0 halberd!
You die...

..≈≈♣♣ #..≈.♣ #..≈.♣♣
#..≈..♣ ##### #..≈..♣
##(..## #..≈..♣♣
##.....######..≈...♣♣
..#...$)..#.(.'.......♣♣
..'...8@.))..['[[..))[[.
..#..gg)))#).('.[)...[♣♣
##.....######..≈...♣♣
##...## #..≈...♣ #####
#..≈...♣ #..≈..♣♣
#..≈.♣♣ #..≈.♣ ..≈≈♣♣


You could see a gnoll sergeant (fast) and a gnoll shaman.

Vanquished Creatures
  Harold (D:7)
  Prince Ribbit (D:8)
  Grinder (D:5)
  Menkaure (D:7)
  Duvessa (D:5)
  2 orc warriors (D:6)
  2 sky beasts
  A necrophage (D:8)
  5 ogres
  2 centaurs
  7 gnoll sergeants (Bailey)
  2 bullfrogs
  Dowan (D:5)
  A scorpion (D:7)
  3 howler monkeys (D:7)
  A quasit (D:4)
  5 gnoll shamans (Bailey)
  4 hounds
  3 orc priests
  2 bullfrog skeletons
  Crazy Yiuf (D:6)
  A centaur skeleton (D:8)
  Jessica (D:2)
  6 worker ants
  An iguana (D:5)
  8 orc wizards
  A hound skeleton (D:5)
  2 worker ant zombies
  26 gnolls
  9 adders
  2 shadow imps
  2 white imps
  2 ufetubi
  An ooze (D:4)
  A worm (D:3)
  The ghost of Efficiency the Sneak, a weakling DDDe of Okawaru (D:5)
  2 dart slugs
  4 leopard geckos
  28 orcs
  7 bats
  2 giant cockroaches (D:2)
  8 goblins
  7 hobgoblins
  11 jackals
  5 kobolds
  4 quokkas
  A ball python (D:3)
  5 rats
195 creatures vanquished.

Notes
Turn   | Place    | Note
-------+----------+-------------------------------------------
     0 | D:1      | Froggeryz the Octopode Berserker began the quest for the
                  | Orb.
     0 | D:1      | Reached XP level 1. HP: 16/16 MP: 1/1
   113 | D:1      | Reached skill level 1 in Stealth
   277 | D:1      | Reached XP level 2. HP: 21/21 MP: 2/2
  1025 | D:1      | Reached XP level 3. HP: 25/26 MP: 3/3
  1113 | D:2      | Noticed Jessica
  1120 | D:2      | Killed Jessica
  1384 | D:2      | Found a bloodstained altar of Trog.
  1677 | D:2      | Reached XP level 4. HP: 30/31 MP: 4/4
  1833 | D:3      | Reached ** piety under Trog
  1847 | D:3      | Found a shadowy altar of Dithmenos.
  1891 | D:2      | Reached skill level 1 in Shields
  2506 | D:3      | Reached XP level 5. HP: 21/36 MP: 5/5
  3111 | D:4      | Found Ewump's Assorted Antiques.
  3116 | D:4      | Bought a scroll labelled NOPITW VONLOA for 20 gold pieces
  3116 | D:4      | Bought a sparkling golden amulet for 100 gold pieces
  3170 | D:4      | Found Obruypa's Antique Weapon Shop.
  3490 | D:4      | Reached skill level 5 in Short Blades
  3490 | D:4      | Reached XP level 6. HP: 42/42 MP: 6/6
  3496 | D:4      | Reached *** piety under Trog
  3585 | D:4      | Found Bedomom's Weapon Shop.
  3594 | D:4      | Reached XP level 7. HP: 39/46 MP: 7/7
  3734 | D:4      | Found a glowing silver altar of Zin.
  3734 | D:4      | Found a burning altar of Makhleb.
  3735 | D:4      | Noticed an Executioner
  3735 | D:4      | Noticed an angel
  4045 | D:4      | Reached skill level 5 in Shields
  4425 | D:4      | Found Vali's Armour Shoppe.
  4529 | D:4      | Found a broken altar of Ashenzari.
  4565 | D:4      | Found a stormy altar of Qazlal.
  4691 | D:4      | Identified the amulet of Linyicih {Inacc rN+ Str-4 Dex+9}
                  | (You bought it in a shop on level 4 of the Dungeon)
  4896 | D:5      | Entered Level 5 of the Dungeon
  4896 | D:5      | Noticed Grinder
  4904 | D:5      | Killed Grinder
  4905 | D:5      | Reached XP level 8. HP: 52/52 MP: 8/8
  5008 | D:5      | Found a transporter.
  5008 | D:5      | Noticed Efficiency's ghost (weakling DDDe)
  5011 | D:5      | Found a transporter.
  5244 | D:5      | Noticed Duvessa
  5244 | D:5      | Noticed Dowan
  5254 | D:5      | Killed Duvessa
  5257 | D:5      | Killed Dowan
  5685 | D:5      | Killed Efficiency's ghost
  6176 | D:6      | Found a staircase to the Ecumenical Temple.
  6806 | D:6      | Found a radiant altar of Vehumet.
  6866 | D:6      | Reached XP level 9. HP: 45/56 MP: 9/9
  6872 | D:6      | Reached **** piety under Trog
  7138 | D:6      | Found a hazy altar of Hepliaklqana.
  7139 | D:6      | Found a shimmering altar of Xom.
  7140 | D:6      | Noticed a spectral ugly thing
  7855 | D:6      | Found a runed translucent door.
  7856 | D:6      | Noticed Crazy Yiuf
  8584 | D:6      | Killed Crazy Yiuf
  8729 | D:7      | Noticed Harold
  8749 | D:7      | Killed Harold
  8750 | D:7      | Reached skill level 5 in Dodging
  8983 | D:7      | Found Xybeplasin's Distillery.
  8985 | D:7      | Noticed Menkaure
  9289 | D:7      | Bought a potion of might for 48 gold pieces
  9289 | D:7      | Bought a potion of curing for 36 gold pieces
  9296 | D:7      | Killed Menkaure
  9323 | D:7      | Found a hide-covered altar of Uskayaw.
  9620 | D:7      | Found an ornate altar of the Wu Jian Council.
  9700 | D:8      | Noticed Prince Ribbit
  9704 | D:8      | Found a glowing golden altar of the Shining One.
  9707 | D:8      | Killed Prince Ribbit
  9708 | D:8      | Reached XP level 10. HP: 63/63 MP: 10/10
 10324 | D:8      | Found a flagged portal.
 10337 | Bailey   | Entered a bailey
 10667 | Bailey   | Identified the amulet of Tuidiur {Reflect Str+2 SH+5}
 10894 | Bailey   | Identified the cursed +3 hunting sling "Nizopnuh" {flame,
                  | Int+4}
 10897 | Bailey   | Reached skill level 5 in Stealth
 10943 | Bailey   | HP: 1/65 [gnoll shaman/+0 trident (15)]
 10959 | Bailey   | Mangled by a gnoll sergeant

Illustrated notes

Levels and vault maps discovered:
D:1:      dpeg_arrival_ternary, layout_loops_cross
D:2:      layout_basic, general_overflow_altar, uniq_jessica
D:3:      layout_loops_ring, nicolae_dithmenos_shadow_blocks,
          minmay_fractal_squares_gapless_5
D:4:      layout_loops_corners, grunt_temple_overflow_order_and_chaos_2,
          kennysheep_mini_moat, kennysheep_mini, serial_shops,
          nicolae_shop_trees, nicolae_shop_stone, nicolae_shop_stone,
          nicolae_shop_crystal
D:5:      layout_gridville, gammafunk_ghost_arena, uniq_duvessa, uniq_grinder
D:6:      layout_layer_cave, regret_index_temple_of_mockery, lemuel_round_altar,
          temple_green, uniq_crazy_yiuf_cottage
D:7:      layout_basic, nicolae_overflow_crystal_walls,
          nzn_wu_jian_contemplation, serial_shops, shop, serial_aquarium,
          aquarium_bridge_island_small [aquarium_subvault_small_open,
          aquarium_subvault_bridge, aquarium_subvault_bridge,
          aquarium_subvault_window, aquarium_subvault_wall],
          aquarium_window_double, aquarium_window_corner,
          aquarium_window_corridor_2, aquarium_window_fake, aquarium_view_2a,
          aquarium_view_2d, uniq_harold, uniq_menkaure
D:8:      layout_loops_ring, old_standard_altar, enter_bailey_7,
          uniq_prince_ribbit1
Bailey:   bailey_polearm_gnolls_kennysheep, bailey

Skill      XL: |  1  2  3  4  5  6  7  8  9 10 |
---------------+-------------------------------+-----
Stealth        | 1 2 5 |  5.4
Short Blades   | 4 5 6 7 8 9 |  9.2
Shields        | 2 3 4 6 8 9 |  9.2
Dodging        | 6 |  6.6
Fighting       | 4 |  4.5

Action                   |  1- 3 |  4- 6 |  7- 9 | 10-12 || total
-------------------------+-------+-------+-------+-------++-------
Melee: Short sword       |    52 |    43 |   347 |   138 ||   580
       Tentacles         |     8 |    26 |    61 |    41 ||   136
       Constrict         |    11 |    24 |    53 |    25 ||   113
       Dagger            |    15 |    97 |       |       ||   112
Throw: Dart              |       |       |       |     6 ||     6
Invok: Berserk           |       |     1 |     8 |     1 ||    10
       Trog's Hand       |       |       |     4 |     1 ||     5
Evoke: Wand              |       |       |       |     9 ||     9
  Use: Scroll            |     2 |     3 |    11 |       ||    16
       Potion            |       |       |     5 |     3 ||     8
 Stab: Sleeping          |     4 |     8 |     6 |     4 ||    22
       Distracted        |     1 |       |     2 |       ||     3
Armor: Skin              |     4 |     6 |    14 |     2 ||    26
Dodge: Dodged            |    39 |    47 |   129 |    77 ||   292
Block: Buckler           |     3 |    31 |   118 |   122 ||   274
       Reflection        |       |       |     2 |     1 ||     3
